 Dungeon Crawl Stone Soup version 0.27.1-35-g4d5d836560 (webtiles) character file.

Game seed: 1133108670721864615

547 ImHallYall the Slasher (level 7, 0/59 HPs)
             Began as a Demonspawn Berserker on Apr 8, 2022.
             Was a Believer of Trog.
             Slain by a killer bee (3 damage)
             ... on level 5 of the Dungeon.
             The game lasted 00:15:26 (5447 turns).

ImHallYall the Slasher (Demonspawn Berserker)       Turns: 5447, Time: 00:15:27

Health: 0/59       AC:  8    Str: 20    XL:     7   Next: 7%
Magic:  7/7        EV:  9    Int:  8    God:    Trog [**....]
Gold:   187        SH: 14    Dex: 18    Spells: 6/6 levels left

rFire    . . .     SeeInvis .   a - +0 falchion (vorpal)
rCold    . . .     Faith    .   w - +0 kite shield
rNeg     . . .     Spirit   .   l - +0 ring mail
rPois    .         Reflect  +   (helmet restricted)
rElec    .         Harm     .   D - +1 cloak
rCorr    .         Rampage  .   v - +0 pair of gloves
Will     .....                  (no boots)
Stlth    +.........             i - amulet of reflection
HPRegen  0.19/turn              o - +6 ring of dexterity
MPRegen  0.10/turn              (no ring)

@: lethally poisoned (0 -> -13)
A: antennae 1, claws 1, talons 2, demonic guardian 1, robust 1
a: Renounce Religion, Berserk, Trog's Hand


You were on level 5 of the Dungeon.
You worshipped Trog.
Trog was pleased with you.
You visited 1 branch of the dungeon, and saw 5 of its levels.
You also visited: Sewer.

You collected 187 gold pieces.

Inventory:

Hand Weapons
 a - a +0 vorpal falchion (weapon)
 f - a +0 shortbow
 C - a +4 quarterstaff of chaos
Missiles
 e - 18 arrows
 u - 7 poisoned darts
Armour
 b - a +0 animal skin
 h - a +0 helmet
 k - a +1 hat
 l - a +0 ring mail (worn)
 m - a +2 robe of resistance
 v - a +0 pair of gloves (worn)
 w - a +0 kite shield (worn)
 D - a +1 cloak (worn)
Jewellery
 i - an amulet of reflection (around neck)
 o - a +6 ring of dexterity (left hand)
Wands
 x - a wand of polymorph (8) (quivered)
 y - a wand of charming (9)
 B - a wand of digging (3)
 E - a wand of mindburst (14)
Scrolls
 d - a scroll of identify
 p - 2 scrolls of fear
 A - a scroll of vulnerability {unknown}
Potions
 c - a potion of degeneration {unknown}
 g - 3 potions of might
 j - 4 potions of haste
 n - a potion of curing {unknown}
 q - a potion of brilliance {unknown}
 r - 2 potions of cancellation {unknown}
 s - a potion of heal wounds {unknown}
 t - a potion of resistance {unknown}
 z - a potion of mutation
 F - a potion of ambrosia {unknown}


   Skills:
 + Level 4.1 Fighting
 + Level 5.1 Long Blades
 + Level 3.1 Armour
 + Level 2.6 Dodging
 + Level 1.4 Stealth
 + Level 2.2 Shields


You had 6 spell levels left.
You didn't know any spells.
Your spell library was empty.

Dungeon Overview and Level Annotations

Branches:
Dungeon (5/15)              Sewer (visited)
 Temple: D:4-7

Altars:
Kikubaaqudgha
Qazlal

Shops:
D:4 *


Innate Abilities, Weirdness & Mutations

You have a pair of small antennae on your head.
You have sharp fingernails.
You have razor-sharp toenails.
A weak demonic guardian rushes to your aid.
You are robust. (+10% HP)


Message History

You hit the killer bee but do no damage.
You claw the killer bee, but do no damage.
The killer bee stings you but does no damage.
The killer bee barely misses you.
You riposte.
You miss the killer bee. Your kick misses the killer bee.
You block the killer bee's attack.
The killer bee stings you but does no damage.
The killer bee barely misses you.
You riposte.
You hit the killer bee. Your kick misses the killer bee.
The killer bee is severely wounded.
The killer bee barely misses you.
You riposte.
Your shield and ring mail prevent you from hitting the killer bee.
The killer bee stings you but does no damage.
You block the killer bee's attack. The killer bee stings you.
You closely miss the killer bee. Your kick misses the killer bee.
The killer bee is severely wounded.
The killer bee stings you. x3
The killer bee stings you but does no damage.
You block the killer bee's attack. x2; The killer bee closely misses you.
You riposte.
You barely miss the killer bee. Your kick misses the killer bee.
The killer bee closely misses you. You block the killer bee's attack.
The killer bee stings you. x2
You are poisoned.
The killer bee poisons you!
You closely miss the killer bee. Your kick misses the killer bee.
The killer bee is severely wounded.
You feel sick. You block the killer bee's attack. The killer bee stings you.
* * * LOW HITPOINT WARNING * * *
You are more poisoned.
The killer bee poisons you!
The killer bee stings you but does no damage.
The killer bee stings you.
* * * LOW HITPOINT WARNING * * *
You block the killer bee's attack. The killer bee stings you.
* * * LOW HITPOINT WARNING * * *
A demonic guardian appears!
The killer bee stings you but does no damage.
You block the killer bee's attack. The killer bee stings you.
* * * LOW HITPOINT WARNING * * *
The killer bee stings you.
You die...

#.#.. #.#.#
#.#.#
#.#.#####
#.#......
#5#y..#
########.yy.#
#.....<..@y#
#.######.y##
#.(## ...##
#... #.## #.
#


You could see 5 killer bees and a friendly white imp (summoned).

Vanquished Creatures
  2 kobold brigands (Sewer)
  2 phantoms (D:4)
  A centaur zombie (D:5)
  A bullfrog skeleton (D:4)
  A hound (D:4)
  4 adders
  2 river rats (Sewer)
  4 worms (Sewer)
  4 dart slugs
  5 ball pythons
  4 bats
  5 endoplasms
  4 giant cockroaches
  4 hobgoblins
  5 quokkas
  7 frilled lizards
  13 kobolds
  11 rats
79 creatures vanquished.

Vanquished Creatures (collateral kills)
  Crazy Yiuf (D:4)
1 creature vanquished.

Vanquished Creatures (others)
  A goblin (D:1)
1 creature vanquished.

Grand Total: 81 creatures vanquished

Notes
Turn   | Place    | Note
-------+----------+-------------------------------------------
     0 | D:1      | ImHallYall the Demonspawn Berserker began the quest for the
                  | Orb.
     0 | D:1      | Reached XP level 1. HP: 18/18 MP: 1/1
   382 | D:1      | Reached skill level 3 in Long Blades
   382 | D:1      | Gained mutation: You have sharp toenails. [demonic
                  | ancestry]
   382 | D:1      | Reached XP level 2. HP: 17/24 MP: 2/2
   393 | D:1      | Gained mutation: Your spells are a little harder to cast,
                  | but a little more powerful. [potion of mutation]
   393 | D:1      | Lost mutation: Your spells are a little harder to cast, but
                  | a little more powerful. [potion of mutation]
   393 | D:1      | Gained mutation: You have a pair of small horns on your
                  | head. [potion of mutation]
   393 | D:1      | Gained mutation: You are robust. (+10% HP) [potion of
                  | mutation]
  1165 | D:2      | Found a faded altar of an unknown god.
  1258 | D:2      | Gained mutation: You have razor-sharp toenails. [demonic
                  | ancestry]
  1258 | D:2      | Reached XP level 3. HP: 28/31 MP: 3/3
  1969 | D:2      | Reached ** piety under Trog
  2283 | D:3      | Found a glowing drain.
  2302 | Sewer    | Entered a sewer
  2317 | Sewer    | Lost mutation: You have a pair of small horns on your head.
                  | [demonic ancestry]
  2317 | Sewer    | Gained mutation: You have a pair of small antennae on your
                  | head. [demonic ancestry]
  2317 | Sewer    | Reached XP level 4. HP: 12/38 MP: 4/4
  2723 | Sewer    | Noticed a kobold brigand
  2742 | Sewer    | Killed a kobold brigand
  2743 | Sewer    | Reached skill level 4 in Long Blades
  2743 | Sewer    | Reached skill level 1 in Stealth
  2743 | Sewer    | Gained mutation: A weak demonic guardian rushes to your
                  | aid. [demonic ancestry]
  2743 | Sewer    | Reached XP level 5. HP: 36/45 MP: 5/5
  2835 | Sewer    | Reached skill level 1 in Shields
  3632 | D:4      | Noticed a phantom
  3657 | D:4      | Killed a phantom
  3658 | D:4      | Gained mutation: You have sharp fingernails. [demonic
                  | ancestry]
  3658 | D:4      | Reached XP level 6. HP: 25/52 MP: 6/6
  4439 | D:4      | Reached skill level 5 in Long Blades
  4526 | D:4      | Found a large runed translucent door.
  4527 | D:4      | Found a large runed translucent door.
  4613 | D:4      | Found a runed translucent door.
  4614 | D:4      | Noticed Crazy Yiuf
  4624 | D:4      | Killed Crazy Yiuf
  4934 | D:4      | Found a stormy altar of Qazlal.
  4947 | D:4      | Found an ancient bone altar of Kikubaaqudgha.
  5005 | D:4      | Found Nudwuren's General Store.
  5143 | D:4      | Reached XP level 7. HP: 57/59 MP: 7/7
  5435 | D:5      | Entered Level 5 of the Dungeon
  5447 | D:5      | Slain by a killer bee

Illustrated notes

Levels and vault maps discovered:
D:1:      dpeg_arrival_fog, layout_rooms
D:2:      layout_loops_ring, basic_ecumenical_altar
D:3:      layout_rooms, cheibrodos_sewer_entry_drain
D:4:      layout_rooms, jmf_multi_god_temple2, serial_co_window_serial,
          co_window_paths_b, co_window_paths_a, co_window_of_opportunity_a,
          co_window_paths_b, co_window_of_opportunity_a, co_window_cross_1,
          co_window_paths_b, co_window_broadway_a, co_window_unsneaky_path_a,
          co_window_corner_b, co_window_cross_4, co_window_paths_d,
          serial_shops, shop, grunt_decor_clamped, uniq_crazy_yiuf_cottage
D:5:      layout_loops_ring, gup_ossuary_entry_pyramid

Skill      XL: |  1  2  3  4  5  6 |
---------------+-------------------+-----
Long Blades    | 3 4 5 |  5.1
Armour         | 2 3 |  3.1
Dodging        | 2 |  2.6
Stealth        | 1 |  1.4
Shields        | 1 2 |  2.2
Fighting       | 4 |  4.1

Action                   |  1- 3 |  4- 6 |  7- 9 || total
-------------------------+-------+-------+-------++-------
Melee: Falchion          |   103 |   122 |     9 ||   234
       Kick              |    27 |    40 |     7 ||    74
       Headbutt          |    11 |       |       ||    11
  Use: Scroll            |     3 |     3 |       ||     6
       Potion            |     1 |     2 |       ||     3
 Stab: Sleeping          |     1 |     1 |       ||     2
Armor: Animal skin       |    16 |       |       ||    16
       Ring mail         |     6 |    25 |    20 ||    51
Dodge: Dodged            |    74 |    33 |    18 ||   125
Block: Other             |    20 |    10 |       ||    30
       Reflection        |     3 |       |       ||     3
       Kite shield       |       |    39 |    19 ||    58
       Rpst.: Falchion   |    16 |    11 |    10 ||    37
